 Dungeon Crawl Stone Soup version 0.31-a0-435-g2c6fae2916 (webtiles) character file.

Game seed: 13522822575860437930

1929 Maxmaps the Grappler (level 9, -9/58 HPs)
             Began as an Octopode Shapeshifter on Aug 1, 2023.
             Was an Initiate of Gozag.
             Mangled by a hornet (14 damage)
             ... while paralysed by a hornet
             ... on level 7 of the Dungeon on Aug 2, 2023.
             The game lasted 00:04:53 (6591 turns).

Maxmaps the Grappler (Octopode Shapeshifter)        Turns: 6591, Time: 00:04:54

Health: -9/58      AC:  1    Str: 14    XL:     9   Next: 17%
Magic:  0/9        EV:  2    Int: 15    God:    Gozag
Gold:   416        SH:  0    Dex: 12    Spells: 8/8 levels left

rFire   . .          .
                       - Unarmed
rCold   . . .        (no shield)
rNeg    . . .        (helmet currently unavailable)
rPois   .            w - amulet of guardian spirit
rElec   .            (no ring)
rCorr   .            (no ring)
SInv    .            (no ring)
Will    .....        (no ring)
Stlth   ++++         (no ring)
HPRegen 0.29/turn    (no ring)
MPRegen 0.11/turn    (no ring)
                     (no ring)

%: guardian spirit
@: paralysed, brilliant, beast-form, slowed
A: beast (slay +3), almost no armour, amphibious, 8 rings, camouflage 1,
gelatinous body 1, (nimble swimmer 1), tentacles
a: Begin Untransformation, Renounce Religion, Potion Petition, Call Merchant,
Bribe Branch


You were on level 7 of the Dungeon.
You worshipped Gozag.
Gozag was aware of your devotion.
You were a hulking beast.
You visited 2 branches of the dungeon, and saw 8 of its levels.

You collected 590 gold pieces.
You paid 174 gold pieces to Gozag.

Inventory:

Missiles
 x - 2 throwing nets
Jewellery
 w - an amulet of guardian spirit (around mantle)
 y - a +6 ring of dexterity
Talismans
 b - a beast talisman (active)
Wands
 a - a wand of polymorph (12)
 l - a wand of charming (8)
 p - a wand of iceblast (2)
 q - a wand of flame (40)
Scrolls
 c - 3 scrolls of identify
 g - a scroll of enchant armour
 h - a scroll of vulnerability
 r - 2 scrolls of blinking
 t - a scroll of butterflies
Potions
 e - 3 potions of mutation
 f - 2 potions of curing
 j - 4 potions of heal wounds
 m - a potion of might {unknown}
 n - a potion of berserk rage {unknown}
 o - a potion of magic {unknown}
 u - 2 potions of ambrosia {unknown}


   Skills:
 - Level 4.2 Fighting
 - Level 2.0 Dodging
 - Level 6.1 Stealth
 - Level 9.2 Unarmed Combat
 + Level 5.0 Shapeshifting


You had 8 spell levels left.
You didn't know any spells.
Your spell library contained the following spells:

 Spells                   Type           Power      Damage    Failure   Level
 Cigotuvi's Dreadful Rot  Necr/Pois/Air  0%         N/A       38%         2
 Gell's Gravitas          Tloc           0%         N/A       63%         3
 Ignite Poison            Fire/Tmut/Pois 0%         N/A       63%         3
 Teleport Other           Tloc           0%         N/A       63%         3
 Freezing Cloud           Conj/Ice/Air   0%         6-21      100%        5
 Dispersal                Tloc           0%         N/A       100%        6


Dungeon Overview and Level Annotations

Branches:
Dungeon (7/15)             Temple (1/1) D:7

Altars:
Ashenzari
Cheibriados
Elyvilon
Gozag
Makhleb
Nemelex Xobeh
Okawaru
Qazlal
Ru
Sif Muna
Trog
Uskayaw
Wu Jian
Xom
Zin
The Shining One


Innate Abilities, Weirdness & Mutations

You are a hulking beast.
Your limbs bulge with bestial killing power. (Slay +3)
You cannot wear most types of armour.
You are amphibious.
You can wear up to eight rings at the same time.
Your skin changes colour to match your surroundings (Stealth+).
Your rubbery body absorbs attacks. (AC +1, EV +1)
((You are camouflaged when in or above water. (Stealth+)))
You have tentacles for arms and can constrict up to eight enemies at once.


Message History

The hornet barely misses you.
You tentacle-slap the hornet. You grab the hornet.
The hornet is lightly wounded.
You constrict the hornet.
You feel sick. The hornet stings you!
You are more poisoned.
You suddenly lose the ability to move!
You lose your grip on the hornet.
The hornet stings you!
You feel as though you will be slow longer.
You feel very sick. The hornet barely misses you. The hornet stings you!
You feel as though you will be slow longer.
You can move again.
You feel better. The hornet closely misses you. The hornet misses you.
It was a potion of brilliance.
You feel clever all of a sudden. The hornet stings you.
You are poisoned.
You feel as though you will be slow longer.
The hornet stings you.
You feel as though you will be slow longer.
You feel better. The hornet barely misses you. The hornet stings you!
You feel as though you will be slow longer.
The hornet stings you!
You feel as though you will be slow longer.
The hornet stings you!
* * * LOW HITPOINT WARNING * * *
You feel as though you will be slow longer.
The hornet barely misses you.
Unknown command.
You feel much better. The hornet stings you!
You feel as though you will be slow longer.
The hornet closely misses you.
You barely miss the hornet. Your grab misses the hornet.
Your squeeze misses the hornet.
The hornet is lightly wounded.
The hornet stings you!
* * * LOW HITPOINT WARNING * * *
You suddenly lose the ability to move!
The hornet stings you!
You die...
Your body crumbles into a pile of gold.

# #..##
##........###.#..#
# #.## ##.....#.#
#.##.# # #.#
##...##.###....# #
#.# ##+# #........#
# #.# #.#
########.# # #>#
#.# #.# # ######.##
#.#
#.......#########.#
#..h.....#........#
#..y.......########
........#..####
####.#####.# #. #.#
#. #.# # ..# ###


You could see a hornet.

Vanquished Creatures
  Sigmund (D:2)
  Eustachio (D:6)
  An ice beast (D:5)
  A sky beast (D:7)
  2 ogres
  2 black bears
  A centaur (D:7)
  A phantom (D:4)
  A kobold brigand (D:7)
  2 bullfrogs
  A scorpion (D:4)
  5 killer bees (D:7)
  2 howler monkeys (D:6)
  2 hounds (D:5)
  2 jellies
  An iguana (D:7)
  A sleepcap (D:7)
  An orc wizard (D:7)
  6 adders
  A shadow imp (D:6)
  3 ufetubi
  3 worms
  3 dart slugs
  10 orcs
  9 endoplasms
  3 giant cockroaches
  11 goblins
  4 hobgoblins
  11 kobolds
  6 quokkas
  12 ball pythons
  6 bats
  5 frilled lizards
  3 rats
124 creatures vanquished.

Notes
Turn   | Place    | Note
-------+----------+-------------------------------------------
     0 | D:1      | Maxmaps the Octopode Shapeshifter began the quest for the
                  | Orb.
     0 | D:1      | Reached XP level 1. HP: 13/13 MP: 1/1
    13 | D:1      | Reached skill level 1 in Stealth
    55 | D:1      | Reached XP level 2. HP: 18/18 MP: 2/2
   328 | D:1      | Reached XP level 3. HP: 17/23 MP: 3/3
   771 | D:2      | Noticed Sigmund
   783 | D:2      | Killed Sigmund
   784 | D:2      | Reached XP level 4. HP: 15/28 MP: 4/4
   784 | D:2      | Reached XP level 5. HP: 18/33 MP: 5/5
   965 | D:2      | Found a glowing silver altar of Zin.
  1220 | D:2      | Reached XP level 6. HP: 39/39 MP: 6/6
  1500 | D:3      | Found a faded altar of an unknown god.
  1676 | D:3      | Found a white marble altar of Elyvilon.
  2689 | D:4      | Noticed a black bear
  2697 | D:4      | Killed a black bear
  2805 | D:4      | Reached XP level 7. HP: 44/48 MP: 7/7
  2896 | D:4      | Found a hide-covered altar of Uskayaw.
  2936 | D:4      | Identified the +0 robe "Oryf" {Int+3}
  3176 | D:4      | Found an iron altar of Okawaru.
  3490 | D:5      | Entered Level 5 of the Dungeon
  3756 | D:5      | Reached skill level 4 in Unarmed Combat
  4066 | D:5      | Reached skill level 5 in Unarmed Combat
  4533 | D:6      | Reached skill level 6 in Unarmed Combat
  4533 | D:6      | Reached XP level 8. HP: 50/54 MP: 8/8
  4561 | D:6      | Found a snail-covered altar of Cheibriados.
  4586 | D:6      | Found a sparkling altar of Nemelex Xobeh.
  4586 | D:6      | Found a stormy altar of Qazlal.
  4844 | D:6      | Reached skill level 7 in Unarmed Combat
  5010 | D:6      | Noticed Eustachio
  5025 | D:6      | Killed Eustachio
  5497 | D:7      | Reached skill level 8 in Unarmed Combat
  5769 | D:7      | Reached skill level 9 in Unarmed Combat
  5772 | D:7      | Reached XP level 9. HP: 41/58 MP: 4/9
  5840 | D:7      | Found a staircase to the Ecumenical Temple.
  6028 | Temple   | Entered the Ecumenical Temple
  6041 | Temple   | Became a worshipper of Gozag Ym Sagoz the Greedy
  6538 | D:7      | Reached skill level 5 in Shapeshifting
  6577 | D:7      | Noticed a hornet
  6584 | D:7      | Paralysed by a hornet for 2 turns
  6591 | D:7      | Paralysed by a hornet for 3 turns
  6591 | D:7      | Mangled by a hornet

Illustrated notes

Levels and vault maps discovered:
D:1:      dreamdust_arrival_beginning_and_end, layout_basic, hex_tiny
D:2:      layout_basic, basic_altar, skrybe_limestone_x, uniq_sigmund
D:3:      layout_basic, general_overflow_altar, ebering_ecumenical_altar_webs,
          kennysheep_generic_room_12
D:4:      layout_layer_cave, mainiacjoe_overflow_six_doors_small,
          mainiacjoe_overflow_small_starburst
D:5:      layout_basic, serial_rivers, chequers_serial_rivers_small_3,
          chequers_serial_rivers_micro_b, chequers_serial_rivers_micro_c,
          chequers_serial_rivers_micro_d, chequers_serial_rivers_large_b,
          chequers_serial_rivers_small_b
D:6:      layout_loops_ring, mainiacjoe_overflow_tiny_flanked,
          jmf_multi_god_temple, uniq_eustachio
D:7:      layout_loops_corners, minmay_temple_entry_mini_moons,
          corexii_corridor_pit
Temple:   zaba_magenta_temple

Skill      XL: |  1  2  3  4  5  6  7  8  9 |
---------------+----------------------------+-----
Stealth        | 2 3 6 |  6.1
Shapeshifting  | 4 5 |  5.0
Fighting       | 4 |  4.2
Unarmed Combat | 6 9 |  9.2
Dodging        | |  2.0

Action                     |  1- 3 |  4- 6 |  7- 9 || total
---------------------------+-------+-------+-------++-------
  Melee: Unarmed           |    56 |    81 |   147 ||   284
         Constrict         |    13 |    16 |    23 ||    52
         Tentacles         |     8 |    15 |    27 ||    50
         Punch             |       |     1 |     5 ||     6
    Use: Scroll            |       |       |    13 ||    13
         Potion            |       |       |     6 ||     6
   Stab: Sleeping          |     9 |    19 |    12 ||    40
         Distracted        |       |     2 |       ||     2
 Armour: Skin              |     3 |     6 |    41 ||    50
  Dodge: Dodged            |    29 |    28 |    80 ||   137

Table legend: (Time is in decaauts)
 A = Elapsed time spent in this place.
 B = Non-inter-level travel time spent in this place.
 C = Inter-level travel time spent in this place.
 D = Time resting spent in this place.
 E = Time spent auto-exploring this place.
 F = Levels seen in this place.
 G = Mean time per level.
                   A        B        C        D        E       F      G
               +--------+--------+--------+--------+--------+-----+--------+
         Total |   6569 |   6265 |    304 |    344 |   5053 |   8 |  821.1 |
       Dungeon |   6542 |   6263 |    279 |    344 |   5053 |   7 |  934.6 |
        Temple |     26 |      2 |     24 |      0 |      0 |   1 |   26.0 |
               +--------+--------+--------+--------+--------+-----+--------+

Top non-repeatable levels by time:
     D:4: 1401 daAuts
     D:7: 1119 daAuts
     D:5: 1036 daAuts
     D:6: 904 daAuts
     D:3: 815 daAuts
     D:1: 722 daAuts
     D:2: 541 daAuts
  Temple: 26 daAuts
